AoeStats
← Timur

Fortress

509465733Analyzed
2v2 RM · 6d ago on Sep 26, 2026· 58m 30s· 4 players
Game mode
Random Map
Map size
Normal (6 player)
Population
200
Speed
Normal
Resources
Standard
Victory
Conquest
Starting age
Dark Age
Ending age
Imperial Age
RankedLock teamsTeams togetherTeam positionsShared explorationLock speedFull tech treeHidden civsTurbo modeCheats
Victory
Defeat
🇮🇳 Poles · India
835
+14
🇧🇷 Huns · Brazil
708
+18
🇹🇷 Persians · Türkiye
771
-16
🇲🇽 Lithuanians · Mexico
755
-15
Timur
8:03 Feudal Age
8:28 Double-Bit Axe
8:26 Horse Collar
16:39 Castle Age
15:44 Bloodlines
17:12 Wheelbarrow
18:56 Hand Cart
20:54 Heavy Plow
26:25 Bow Saw
29:26 Imperial Age
27:35 Caravan
29:27 Coinage
30:08 Kamandaran
30:24 Citadels
31:04 Crop Rotation
31:37 Two-Man Saw
31:48 Heavy Scorpion
33:28 Scale Barding Armor
33:35 Forging
34:30 Crossbowman
35:22 Thumb Ring
36:05 Padded Archer Armor
35:56 Fletching
36:40 Chain Barding Armor
37:13 Iron Casting
37:30 Leather Archer Armor
37:56 Elite War Elephant
38:46 Bodkin Arrow
39:25 Ring Archer Armor
39:59 Blast Furnace
39:37 Plate Barding Armor
52:43 Gambesons
53:01 Squires
52:47 Arson
54:54 Husbandry
54:15 Light Cavalry
ManAlong
6:57 Feudal Age
9:14 Double-Bit Axe
12:57 Castle Age
12:52 Gold Mining
13:38 Bloodlines
16:18 Husbandry
16:23 Scale Mail Armor
16:29 Scale Barding Armor
17:08 Bow Saw
26:06 Imperial Age
23:24 Loom
24:13 Crossbowman
27:10 Wheelbarrow
28:17 Cavalier
30:21 Tower Shields
31:56 Fletching
32:27 Chain Barding Armor
35:16 Paladin
37:21 Ballistics
36:45 Treadmill Crane
38:02 Bodkin Arrow
42:48 Padded Archer Armor
45:17 Chain Mail Armor
55:03 Plate Barding Armor
VCBlade
4:56 Loom
12:20 Feudal Age
13:41 Horse Collar
13:47 Double-Bit Axe
14:53 Gold Mining
14:55 Stone Mining
17:10 Castle Age
16:25 Wheelbarrow
15:38 Loom
15:40 Town Watch
15:51 Fletching
18:55 Heavy Plow
19:07 Bow Saw
19:36 Stone Shaft Mining
19:18 Squires
18:40 Pikeman
19:58 Hand Cart
19:46 Bodkin Arrow
23:16 Scale Mail Armor
23:27 Forging
23:26 Scale Barding Armor
23:22 Padded Archer Armor
24:27 Chain Mail Armor
29:32 Imperial Age
29:48 Chain Barding Armor
29:43 Leather Archer Armor
30:04 Iron Casting
30:19 Ballistics
29:55 Murder Holes
30:11 Masonry
30:48 Capped Ram
31:03 Sappers
31:54 Conscription
34:17 Husbandry
34:28 Bloodlines
33:39 Light Cavalry
34:53 Plate Mail Armor
35:24 Blast Furnace
34:25 Bracer
35:28 Chemistry
34:14 Arrowslits
35:19 Fortified Wall
35:00 Guard Tower
37:09 Treadmill Crane
37:34 Siege Engineers
38:36 Thumb Ring
37:51 Elite Skirmisher
39:47 Siege Ram
39:51 Winged Hussar
52:55 Crop Rotation
54:15 Arson
54:58 Lechitic Legacy
55:14 Hoardings
54:47 Szlachta Privileges
theilor.taiariol
8:34 Feudal Age
13:17 Castle Age
11:30 Double-Bit Axe
11:35 Horse Collar
14:02 Stone Mining
18:17 Gold Mining
18:41 Bow Saw
26:47 Scale Barding Armor
26:12 Elite Skirmisher
27:46 Caravan
30:31 Imperial Age
29:01 Marauders
29:12 Husbandry
29:33 Bloodlines
30:36 Wheelbarrow
30:16 Heavy Plow
30:58 Gold Shaft Mining
30:54 Chain Barding Armor
30:57 Caravan
32:01 Parthian Tactics
33:06 Conscription
33:37 Elite Tarkan
35:37 Plate Barding Armor
35:19 Forging
38:04 Iron Casting
37:20 Fletching
37:31 Padded Archer Armor
37:24 Cavalier
40:29 Blast Furnace
39:25 Bodkin Arrow
39:19 Paladin
41:08 Hand Cart
40:39 Loom
45:17 Heavy Cavalry Archer
51:07 Leather Archer Armor
50:52 Bracer
50:54 Scale Mail Armor
51:37 Light Cavalry
Connection lost

Rejoining the realm…

Still unreachable

The connection could not be restored.

Session expired

The server has moved on; the page needs a fresh start.